 Dungeon Crawl Stone Soup version 0.30-a0-739-gea05faddec (webtiles) character file.

Game seed: 1058703786337522701

1299 timneilson the Shield-Bearer (level 8, -1/48 HPs)
             Began as a Gargoyle Fighter on Feb 4, 2023.
             Killed from afar by a steam dragon (16 damage)
             ... with a ball of steam
             ... on level 6 of the Dungeon.
             The game lasted 00:07:50 (3485 turns).

timneilson the Shield-Bearer (Gargoyle Fighter)     Turns: 3485, Time: 00:07:51

Health: -1/48      AC: 20    Str: 20    XL:     8   Next: 57%
Magic:  8/8        EV:  8    Int:  9    God:
Gold:   264        SH:  5    Dex: 11    Spells: 7/7 levels left

rFire   . . .      SeeInvis .    a - +0 long sword
rCold   . . .      Faith    .    c - +0 buckler
rNeg    + . .      Spirit   .    o - +0 chain mail
rPois   ∞          Reflect  .    p - +0 helmet
rElec   +          Harm     .    (no cloak)
rCorr   .          Rampage  .    (no gloves)
Will    .....                    j - +2 pair of boots Stlth
                                 e - amulet of regeneration
HPRegen 1.08/turn                (no ring)
MPRegen 0.11/turn                (no ring)

@: no status effects
A: sickness immunity, AC +5, negative energy resistance 1, electricity
resistance, torment resistance 1, petrification resistance
a: no special abilities


You were on level 6 of the Dungeon.
You visited 2 branches of the dungeon, and saw 7 of its levels.

You collected 264 gold pieces.

Inventory:

Hand Weapons
 a - a +0 long sword (weapon)
Missiles
 n - 2 throwing nets (quivered)
Armour
 c - a +0 buckler (worn)
 j - a +2 pair of boots (worn)
 o - a +0 chain mail (worn)
 p - a +0 helmet (worn)
Jewellery
 e - an amulet of regeneration (around neck)
Wands
 q - a wand of polymorph (6)
Scrolls
 f - 2 scrolls of magic mapping
 m - a scroll of teleportation
Potions
 b - a potion of experience {unknown}
 d - a potion of might
 g - 3 potions of attraction
 h - a potion of cancellation
 i - 2 potions of berserk rage {unknown}
 k - 6 potions of curing
 l - 2 potions of heal wounds {unknown}
 r - a potion of degeneration {unknown}
 s - 2 potions of invisibility {unknown}


   Skills:
 + Level 4.8 Fighting
 * Level 4.7 Long Blades
 * Level 6.2 Armour
 + Level 2.4 Dodging
 * Level 6.2 Shields
 + Level 2.4 Evocations


You had 7 spell levels left.
You didn't know any spells.
Your spell library contained the following spells:

 Spells                   Type           Power      Damage    Failure   Level
 Blink                    Tloc           0%         N/A       100%        2
 Lesser Beckoning         Tloc           0%         N/A       100%        2
 Momentum Strike          Conj/Tloc      0%         3d8       100%        2
 Static Discharge         Conj/Air       0%         2-2/arc   100%        2
 Vhi's Electric Charge    Tloc/Air       0%         N/A       100%        3
 Manifold Assault         Tloc           0%         N/A       100%        4
 Olgreb's Toxic Radiance  Pois           0%         N/A       100%        4
 Arcjolt                  Conj/Air       0%         1d10      100%        5
 Lightning Bolt           Conj/Air       0%         1d11      100%        5
 Ozocubu's Refrigeration  Ice            0%         4d7       100%        7
 Storm Form               Tmut/Air       0%         N/A       100%        7
 Ignition                 Fire           0%         3d3       100%        8


Dungeon Overview and Level Annotations

Branches:
Dungeon (6/15)             Temple (1/1) D:5

Altars:
Ashenzari
Dithmenos
Elyvilon
Fedhas
Gozag
Hepliaklqana
Nemelex Xobeh
Sif Muna
Trog
Uskayaw
Xom
Yredelemnul
The Shining One

Shops:
D:3 :=   D:4 *


Innate Abilities, Weirdness & Mutations

You are immune to sickness and miasma.
Your stone body is resilient. (AC +5)
You are immune to poison.
You resist negative energy. (rN+)
You are resistant to electric shocks. (rElec)
You are resistant to unholy torment.
You are immune to petrification.


Message History

The orc is moderately wounded.
The orc hits you but does no damage. The orc closely misses you. x2
The steam dragon breathes steam at you.
The ball of steam hits the orc!!
The orc dies!
The ball of steam misses you.
You slash the orc!
You kill the orc!
You are engulfed in a cloud of scalding steam.
The orc hits you but does no damage.
You hit the steam dragon.
The steam dragon is lightly wounded.
The orc barely misses you.
The steam dragon bites you but does no damage.
The steam dragon claws you.
You hit the steam dragon.
The steam dragon is moderately wounded.
You are engulfed in a cloud of scalding steam.
The orc hits you but does no damage. The steam dragon breathes steam at you.
The ball of steam hits you! The orc closely misses you.
The steam dragon bites you but does no damage.
The steam dragon claws you but does no damage.
You hit the steam dragon but do no damage.
The steam dragon is moderately wounded.
The orc completely misses you.
The steam dragon bites you but does no damage.
The steam dragon claws you but does no damage.
You hit the steam dragon but do no damage.
The steam dragon is moderately wounded.
You are engulfed in a cloud of scalding steam.
* * * LOW HITPOINT WARNING * * *
You block the orc's attack. The steam dragon barely misses you.
You block the steam dragon's attack.
It was a potion of cancellation.
You feel magically purged.
You are engulfed in a cloud of scalding steam.
The orc barely misses you. The steam dragon breathes steam at you.
The ball of steam hits you!
You die...

#.....# (.......#
#.....# .........+
#.....# ..........#
#.....# .... .....#
#.....#####.... .....##
######.....###+#....!.#
#.....#...'......+
#.....#.oD#......#
+.....#.)@#.o....#
#.....'.§.#......#
#..†..#..§#......#
#.....#...#..o...#
#.....#####.....o#
.......## #......
........# ........+
........#


You could see a steam dragon (catching breath) and an orc.

Vanquished Creatures
  Sigmund (D:3)
  A water moccasin (D:5)
  A black bear (D:4)
  An ogre (D:5)
  A centaur (D:5)
  A phantom (D:4)
  A scorpion (D:4)
  3 necrophages
  3 hounds
  2 jellies
  A gnoll bouda (D:5)
  Natasha (thrice) (D:3)
  6 adders
  7 gnolls
  3 worms
  2 dart slugs
  5 orcs
  6 ball pythons
  7 endoplasms
  A giant cockroach (D:1)
  6 goblins
  11 hobgoblins
  4 jackals (D:3)
  10 kobolds
  A quokka (D:4)
  4 bats
  4 rats
96 creatures vanquished.

Vanquished Creatures (others)
  An orc (D:6)
1 creature vanquished.

Grand Total: 97 creatures vanquished

Notes
Turn   | Place    | Note
-------+----------+-------------------------------------------
     0 | D:1      | timneilson the Gargoyle Fighter began the quest for the
                  | Orb.
     0 | D:1      | Reached XP level 1. HP: 14/14 MP: 1/1
    79 | D:1      | Reached XP level 2. HP: 19/19 MP: 2/2
   490 | D:1      | Reached XP level 3. HP: 23/23 MP: 3/3
   585 | D:2      | Identified the +4 ring mail of Qorphuk {rC++ Will-}
  1143 | D:3      | Found Diequo's Jewellery Emporium.
  1210 | D:3      | Noticed Natasha
  1228 | D:3      | Killed Natasha
  1229 | D:3      | Reached XP level 4. HP: 13/28 MP: 4/4
  1256 | D:3      | Found a white marble altar of Elyvilon.
  1263 | D:3      | Found Fiteit's Vocational Training.
  1469 | D:3      | Noticed Natasha
  1481 | D:3      | Killed Natasha
  1482 | D:3      | Reached skill level 1 in Dodging
  1499 | D:3      | Reached XP level 5. HP: 33/33 MP: 5/5
  1567 | D:3      | Noticed Natasha
  1577 | D:3      | Killed Natasha
  1623 | D:3      | Noticed Sigmund
  1631 | D:3      | Killed Sigmund
  1632 | D:3      | Reached XP level 6. HP: 38/38 MP: 6/6
  1880 | D:4      | Reached skill level 1 in Evocations
  1925 | D:4      | Found Keiss's General Store.
  1939 | D:4      | Reached skill level 5 in Shields
  1939 | D:4      | Reached XP level 7. HP: 43/43 MP: 7/7
  1990 | D:4      | Reached skill level 5 in Armour
  2490 | D:5      | Entered Level 5 of the Dungeon
  2499 | D:5      | Found a staircase to the Ecumenical Temple.
  2526 | Temple   | Entered the Ecumenical Temple
  2848 | D:4      | Reached XP level 8. HP: 48/48 MP: 8/8
  3485 | D:6      | Killed from afar by a steam dragon

Illustrated notes

Levels and vault maps discovered:
D:1:      ncdulo_wetmaze, layout_rooms
D:2:      layout_loops_cross
D:3:      layout_rooms, mainiacjoe_overflow_catwalk, serial_shops, shop,
          dk_noncrumbling_2, nicolae_shop_vocational, uniq_natasha, uniq_sigmund
D:4:      layout_basic, serial_shops, shop, kennysheep_generic_room_7
D:5:      layout_cave_pools, minmay_temple_entry_wispy, serial_bayou_pond_a
D:6:      layout_gridville, nicolae_wu_jian_immortal_techniques, serial_shops,
          shop_scrolls, mrwooster_statue_mirror, uniq_maggie
Temple:   nicolae_temple_slightly_damp_pantheon

Skill      XL: |  1  2  3  4  5  6  7  8 |
---------------+-------------------------+-----
Long Blades    | 2 3 4 |  4.7
Shields        | 4 5 6 |  6.2
Armour         | 4 5 6 |  6.2
Dodging        | 1 2 |  2.4
Fighting       | 4 |  4.8
Evocations     | 1 2 |  2.4

Action                     |  1- 3 |  4- 6 |  7- 9 || total
---------------------------+-------+-------+-------++-------
  Melee: Long sword        |   137 |   137 |   272 ||   546
    Use: Scroll            |     3 |     5 |     2 ||    10
         Potion            |       |     1 |     1 ||     2
 Armour: Scale mail        |    88 |    71 |    16 ||   175
         Chain mail        |       |       |   222 ||   222
  Dodge: Dodged            |    67 |    64 |   133 ||   264
  Block: Buckler           |    34 |    40 |    87 ||   161

Table legend: (Time is in decaauts)
 A = Elapsed time spent in this place.
 B = Non-inter-level travel time spent in this place.
 C = Inter-level travel time spent in this place.
 D = Time resting spent in this place.
 E = Time spent auto-exploring this place.
 F = Levels seen in this place.
 G = Mean time per level.
                   A        B        C        D        E       F      G
               +--------+--------+--------+--------+--------+-----+--------+
         Total |   3644 |   3467 |    177 |     41 |   2233 |   7 |  520.6 |
       Dungeon |   3458 |   3299 |    159 |     41 |   2078 |   6 |  576.3 |
        Temple |    186 |    168 |     18 |      0 |    155 |   1 |  186.0 |
               +--------+--------+--------+--------+--------+-----+--------+

Top non-repeatable levels by time:
     D:4: 1052 daAuts
     D:5: 606 daAuts
     D:2: 591 daAuts
     D:1: 590 daAuts
     D:3: 551 daAuts
  Temple: 186 daAuts
     D:6: 66 daAuts
